 Dungeon Crawl Stone Soup version 0.28-a0-1236-gb25a51b929 (webtiles) character file.

Game seed: 7351351186137705321

105 Gildeon the Chopper (level 4, -9/39 HPs)
             Began as a Minotaur Fighter on Dec 25, 2021.
             Killed from afar by Sigmund (12 damage)
             ... with a puff of flame
             ... on level 2 of the Dungeon.
             The game lasted 00:02:46 (1639 turns).

Gildeon the Chopper (Minotaur Fighter)              Turns: 1639, Time: 00:02:47

Health: -9/39      AC:  6    Str: 22    XL:     4   Next: 53%
Magic:  3/3        EV:  9    Int:  5    God:
Gold:   58         SH:  4    Dex: 10    Spells: 3/3 levels left

rFire   . . .      SeeInvis .   a - +0 war axe
rCold   . . .      Faith    .   c - +0 buckler
rNeg    . . .      Spirit   .   b - +0 scale mail
rPois   .          Reflect  .   (helmet restricted)
rElec   .          Harm     .   (no cloak)
rCorr   .          Rampage  .   (no gloves)
Will    .....                   (no boots)
Stlth   ..........              l - amulet of magic regeneration
HPRegen 0.13/turn               (no ring)
MPRegen 0.48/turn               (no ring)

@: no status effects
A: horns 2, retaliatory headbutt
a: no special abilities


You were on level 2 of the Dungeon.
You visited 1 branch of the dungeon, and saw 2 of its levels.

You collected 58 gold pieces.

Inventory:

Hand Weapons
 a - a +0 war axe (weapon)
 i - a +0 mace
Armour
 b - a +0 scale mail (worn)
 c - a +0 buckler (worn)
Jewellery
 l - an amulet of magic regeneration (around neck)
Scrolls
 e - a scroll of amnesia {unknown}
 f - a scroll of fog {unknown}
 g - a scroll of blinking {unknown}
 j - a scroll of identify {unknown}
Potions
 d - 2 potions of might
 h - a potion of haste {unknown}
 k - a potion of attraction {unknown}
 m - a potion of curing {unknown}
 n - a potion of degeneration {unknown}
 o - a potion of cancellation {unknown}


   Skills:
 - Level 3.6 Fighting
 + Level 5.9 Axes
 - Level 3.6 Armour
 - Level 3.6 Shields


You had 3 spell levels left.
You didn't know any spells.
Your spell library was empty.

Dungeon Overview and Level Annotations

Branches:
Dungeon (2/15)

Altars:
Wu Jian

Shops:
D:1 [

Annotations:
D:2 Sigmund


Innate Abilities, Weirdness & Mutations

You have a pair of horns on your head.
You reflexively headbutt those who attack you in melee.


Message History

The goblin barely misses you. Sigmund closely misses you.
You block the goblin's attack.
The hobgoblin hits you but does no damage.
You slash the goblin!
You kill the goblin!
You hit the hobgoblin.
You kill the hobgoblin!
Sigmund gestures at you while chanting. You resist with some effort.
You block Sigmund's attack.
Things that are here:
a +0 dagger; a goblin corpse You hit Sigmund.
Sigmund is lightly wounded.
Sigmund points at you and mumbles some strange words.
The magic dart hits you.
You hit Sigmund. Your headbutt misses Sigmund.
Sigmund is moderately wounded.
You block Sigmund's attack.
You closely miss Sigmund.
Sigmund is moderately wounded.
Sigmund barely misses you.
You closely miss Sigmund. Your headbutt misses Sigmund.
Sigmund is moderately wounded.
Sigmund hits you with a +0 scythe!
* * * LOW HITPOINT WARNING * * *
You closely miss Sigmund.
Sigmund is moderately wounded.
You slash Sigmund! Your headbutt misses Sigmund.
Sigmund is heavily wounded.
Sigmund completely misses you.
You hit Sigmund.
Sigmund is heavily wounded.
Sigmund hits you with a +0 scythe!
* * * LOW HITPOINT WARNING * * *
You slash Sigmund!
Sigmund is almost dead.
Sigmund casts a spell at you. The puff of flame hits you!
You die...

..# ##...##...... ....
..#### #...##...... ....
.....###...##.#.##......
..............#.# .....
...#(.##....##..# ......
..........).##).##......
)..........).)))†.......
.........####)##.##....
......... #.##@# .
......... #.##@.......
.#....... #.###.......
##....... #.# ....... #
......# #.# .......
###.## #.# ....... ..
#...... ......


You could see Sigmund.

Vanquished Creatures
  Jessica (D:2)
  Robin (D:2)
  An adder (D:2)
  A worm (D:2)
  2 dart slugs
  5 bats
  4 endoplasms
  A giant cockroach (D:1)
  18 goblins
  4 hobgoblins
  2 kobolds
  2 ball pythons (D:1)
  3 frilled lizards (D:1)
  2 rats (D:1)
47 creatures vanquished.

Notes
Turn   | Place    | Note
-------+----------+-------------------------------------------
     0 | D:1      | Gildeon the Minotaur Fighter began the quest for the Orb.
     0 | D:1      | Reached XP level 1. HP: 19/19 MP: 0/0
   227 | D:1      | Reached skill level 3 in Axes
   279 | D:1      | Reached XP level 2. HP: 16/26 MP: 1/1
   534 | D:1      | Reached skill level 4 in Axes
   760 | D:1      | Found a faded altar of an unknown god.
   801 | D:1      | Reached XP level 3. HP: 26/31 MP: 2/2
   815 | D:1      | Prayed at the altar of an unknown god.
   815 | D:1      | Became a worshipper of the Wu Jian Council
   815 | D:1      | Reached * piety under Wu Jian
   867 | D:1      | Found Lamagouwu's Antique Armour Shop.
   878 | D:1      | Fell from the grace of Wu Jian
  1591 | D:2      | Noticed Jessica
  1595 | D:2      | Killed Jessica
  1596 | D:2      | Reached skill level 5 in Axes
  1596 | D:2      | Reached XP level 4. HP: 36/39 MP: 3/3
  1612 | D:2      | Noticed Robin
  1619 | D:2      | Killed Robin
  1625 | D:2      | Noticed Sigmund
  1639 | D:2      | Killed from afar by Sigmund

Illustrated notes

Levels and vault maps discovered:
D:1:      dpeg_arrival_chambers_temple_mockup, layout_basic, serial_shops,
          nicolae_shop_trees, basic_ecumenical_altar, minmay_misc_feat_tiny
D:2:      layout_rooms, uniq_robin, uniq_jessica, uniq_sigmund

Skill      XL: |  1  2  3 |
---------------+----------+-----
Axes           | 3 4 5 |  5.9
Fighting       | |  3.6
Armour         | |  3.6
Shields        | |  3.6

Action                   |  1- 3 |  4- 6 || total
-------------------------+-------+-------++-------
Melee: War axe           |    62 |    21 ||    83
       Headbutt          |     8 |     2 ||    10
Invok: Renounce Religion |     1 |       ||     1
Armor: Scale mail        |    22 |     5 ||    27
Dodge: Dodged            |    31 |     8 ||    39
Block: Buckler           |     9 |     4 ||    13

Table legend: (Time is in decaauts)
 A = Elapsed time spent in this place.
 B = Non-inter-level travel time spent in this place.
 C = Inter-level travel time spent in this place.
 D = Time resting spent in this place.
 E = Time spent auto-exploring this place.
 F = Levels seen in this place.
 G = Mean time per level.
                   A        B        C        D        E       F      G
               +--------+--------+--------+--------+--------+-----+--------+
         Total |   1662 |   1617 |     45 |    236 |   1088 |   2 |  831.0 |
       Dungeon |   1662 |   1617 |     45 |    236 |   1088 |   2 |  831.0 |
               +--------+--------+--------+--------+--------+-----+--------+

Top non-repeatable levels by time:
     D:1: 1297 daAuts
     D:2: 365 daAuts
